 Dungeon Crawl Stone Soup version 0.26.1-11-gd32895ea62 (webtiles) character file.

Game seed: 3002084030777155376

267 Almogavar the Fighter (level 6, -4/57 HPs)
             Began as a Gnoll Wanderer on Apr 13, 2021.
             Slain by an orc warrior
             ... wielding a +0 war axe
              (18 damage)
             ... on level 4 of the Dungeon.
             The game lasted 00:07:44 (3216 turns).

Almogavar the Fighter (Gnoll Wanderer)              Turns: 3216, Time: 00:07:44

Health: -4/57      AC:  7    Str: 14    XL:     6   Next: 21%
Magic:  8/8        EV: 11    Int: 17    God:
Gold:   211        SH:  0    Dex: 14    Spells: 8/8 levels left

rFire    + . .     SeeInvis .   a - +3 hand axe
rCold    . . .     Faith    .   (no shield)
rNeg     . . .     Spirit   .   t - +2 ring mail {rF+}
rPois    .         Reflect  .   (no helmet)
rElec    .         Harm     .   (no cloak)
rCorr    .         Rampage  .   (no gloves)
Will     .....                  (no boots)
Stlth    +.........             c - amulet of the acrobat
HPRegen  0.19/turn              (no ring)
MPRegen  0.11/turn              (no ring)

@: no status effects
A: distributed training, fangs 1, strong nose
a: no special abilities


You were on level 4 of the Dungeon.
You visited 1 branch of the dungeon, and saw 4 of its levels.

You collected 211 gold pieces.

Inventory:

Hand Weapons
 a - a +3 hand axe (weapon)
Missiles
 k - 64 arrows
Armour
 t - a +2 ring mail of fire resistance (worn)
Jewellery
 c - an amulet of the acrobat (around neck)
Scrolls
 f - 2 scrolls of enchant weapon
 g - a scroll of remove curse {unknown}
 h - a scroll of enchant armour {unknown}
 l - 2 scrolls of blinking {unknown}
 q - a scroll of magic mapping {unknown}
 s - a scroll of noise {unknown}
 u - a scroll of immolation {unknown}
 w - a scroll of amnesia {unknown}
Potions
 b - 4 potions of curing
 i - 3 potions of heal wounds
 j - 2 potions of resistance {unknown}
 m - 2 potions of cancellation {unknown}
 n - a potion of lignification {unknown}
 o - a potion of brilliance {unknown}
 p - a potion of ambrosia {unknown}
 r - a potion of degeneration {unknown}
 v - 2 potions of might {unknown}


   Skills:
 + Level 8.7 Fighting
 + Level 1.8 Short Blades
 + Level 1.8 Long Blades
 + Level 4.9 Axes
 + Level 1.8 Maces & Flails
 + Level 1.8 Polearms
 + Level 1.8 Staves
 + Level 1.8 Slings
 + Level 3.2 Bows
 + Level 1.8 Crossbows
 + Level 1.8 Throwing
 + Level 3.2 Armour
 + Level 1.8 Dodging
 + Level 1.8 Stealth
 + Level 4.9 Shields
 + Level 1.8 Unarmed Combat
 + Level 1.8 Spellcasting
 + Level 1.4 Conjurations
 + Level 1.4 Hexes
 + Level 1.4 Summonings
 + Level 1.4 Necromancy
 + Level 1.4 Translocations
 + Level 1.4 Transmutations
 + Level 1.4 Fire Magic
 + Level 1.4 Ice Magic
 + Level 1.4 Air Magic
 + Level 1.4 Earth Magic
 + Level 1.4 Poison Magic
 + Level 2.0 Invocations
 + Level 1.8 Evocations


You had 8 spell levels left.
You didn't know any spells.
Your spell library was empty.

Dungeon Overview and Level Annotations

Branches:
Dungeon (4/15)
 Temple: D:4-7

Altars:


Innate Abilities, Weirdness & Mutations

Your experience applies equally to all skills.
You have very sharp teeth.
Your uncanny sense of smell can sniff out nearby items.


Message History

The orc wizard hits you but does no damage.
You hit the orc wizard. Your bite misses the orc wizard.
The orc wizard is moderately wounded.
The orc wizard barely misses you.
You hit the orc wizard.
You bite the orc wizard, but do no damage.
The orc wizard is heavily wounded.
The orc wizard hits you but does no damage.
The orc wizard hits you with a +0 dagger.
You hit the orc wizard but do no damage.
The orc wizard is heavily wounded.
The orc wizard closely misses you.
The orc wizard casts a cantrip, but nothing happens.
The orc warrior hits you with a +0 war axe!
* * * LOW HITPOINT WARNING * * *
Your ring mail prevents you from hitting the orc warrior.
The orc warrior completely misses you.
You barely miss the orc warrior. Your bite misses the orc warrior.
The orc warrior hits you with a +0 war axe!!
You die...

#.# # . #.# # #.
#.# # ##'# #.# #
#.... ##.## ##
.....# ###...# .##
......# ##.....#
..####
......)####......#
...>.+
......oo@...###.##
..####
.......###.## ##.#
.## ......# #.#
#.# ## .....# #.##
##.# # #...#
##.###.## ### ##+#
##...## ..# #.#
##.## #.## #.# #.#
...# ##.## #.#


You could see an orc warrior and an orc wizard (fast).

Vanquished Creatures
  A phantom (D:3)
  A hound (D:4)
  6 adders
  A gnoll (D:1)
  An ooze (D:1)
  A dart slug (D:1)
  4 leopard geckos
  6 orcs
  6 giant cockroaches
  5 hobgoblins
  9 jackals
  8 bats
  3 goblins
  5 kobolds
  A leopard gecko skeleton (D:4)
  7 rats
65 creatures vanquished.

Notes
Turn   | Place    | Note
-------+----------+-------------------------------------------
     0 | D:1      | Almogavar the Gnoll Wanderer began the quest for the Orb.
     0 | D:1      | Almogavar set off with the following items: a +2 hand axe,
                  | 2 potions of curing, a +0 robe
     0 | D:1      | Reached XP level 1. HP: 26/26 MP: 1/1
   487 | D:1      | Reached XP level 2. HP: 17/33 MP: 2/2
   756 | D:1      | Reached XP level 3. HP: 36/38 MP: 3/3
  1051 | D:1      | Reached skill level 1 in Invocations
  1571 | D:2      | Reached skill level 1 in Short Blades
  1571 | D:2      | Reached skill level 1 in Long Blades
  1571 | D:2      | Reached skill level 1 in Maces & Flails
  1571 | D:2      | Reached skill level 1 in Polearms
  1571 | D:2      | Reached skill level 1 in Staves
  1571 | D:2      | Reached skill level 1 in Slings
  1571 | D:2      | Reached skill level 1 in Crossbows
  1571 | D:2      | Reached skill level 1 in Throwing
  1571 | D:2      | Reached skill level 1 in Dodging
  1571 | D:2      | Reached skill level 1 in Stealth
  1571 | D:2      | Reached skill level 1 in Unarmed Combat
  1571 | D:2      | Reached skill level 1 in Spellcasting
  1571 | D:2      | Reached skill level 1 in Evocations
  1581 | D:2      | Reached XP level 4. HP: 43/45 MP: 5/5
  1817 | D:2      | Reached skill level 1 in Conjurations
  1817 | D:2      | Reached skill level 1 in Hexes
  1817 | D:2      | Reached skill level 1 in Summonings
  1817 | D:2      | Reached skill level 1 in Necromancy
  1817 | D:2      | Reached skill level 1 in Translocations
  1817 | D:2      | Reached skill level 1 in Transmutations
  1817 | D:2      | Reached skill level 1 in Fire Magic
  1817 | D:2      | Reached skill level 1 in Ice Magic
  1817 | D:2      | Reached skill level 1 in Air Magic
  1817 | D:2      | Reached skill level 1 in Earth Magic
  1817 | D:2      | Reached skill level 1 in Poison Magic
  2419 | D:3      | Reached XP level 5. HP: 51/51 MP: 6/6
  2670 | D:3      | Noticed a phantom
  2705 | D:3      | Killed a phantom
  2938 | D:3      | Reached XP level 6. HP: 54/57 MP: 8/8
  3197 | D:4      | Noticed an orc warrior
  3216 | D:4      | Slain by an orc warrior

Illustrated notes

Levels and vault maps discovered:
D:1:      roderic_octagonal_star, layout_basic, minivault_24
D:2:      layout_basic
D:3:      layout_loops_ring, nicolae_overflow_hidden_temple, feat_on_display
D:4:      layout_loops_corners

Skill      XL: |  1  2  3  4  5 |
---------------+----------------+-----
Invocations    | 1 2 |  2.0
Short Blades   | 1 |  1.8
Long Blades    | 1 |  1.8
Maces & Flails | 1 |  1.8
Polearms       | 1 |  1.8
Staves         | 1 |  1.8
Slings         | 1 |  1.8
Crossbows      | 1 |  1.8
Throwing       | 1 |  1.8
Dodging        | 1 |  1.8
Stealth        | 1 |  1.8
Unarmed Combat | 1 |  1.8
Spellcasting   | 1 |  1.8
Evocations     | 1 |  1.8
Conjurations   | 1 |  1.4
Hexes          | 1 |  1.4
Summonings     | 1 |  1.4
Necromancy     | 1 |  1.4
Translocations | 1 |  1.4
Transmutations | 1 |  1.4
Fire Magic     | 1 |  1.4
Ice Magic      | 1 |  1.4
Air Magic      | 1 |  1.4
Earth Magic    | 1 |  1.4
Poison Magic   | 1 |  1.4
Bows           | 3 |  3.2
Armour         | 3 |  3.2
Fighting       | |  8.7
Axes           | |  4.9
Shields        | |  4.9

Action                   |  1- 3 |  4- 6 || total
-------------------------+-------+-------++-------
Melee: Hand axe          |    82 |   122 ||   204
       Bite              |     5 |    16 ||    21
       Punch             |     1 |     2 ||     3
  Use: Scroll            |       |     4 ||     4
 Stab: Sleeping          |     3 |       ||     3
Armor: Robe              |     4 |       ||     4
       Leather armour    |    13 |     1 ||    14
       Ring mail         |       |    38 ||    38
Dodge: Dodged            |    70 |    81 ||   151
